 Dungeon Crawl Stone Soup version 0.17.1-1-g73c8601 (webtiles) character file.

45 zxpr0jk the Magician (level 3, -1/26 HPs)
             Began as a Draconian Wizard on Mar 27, 2016.
             Slain by a gnoll
             ... wielding a +0 whip
              (7 damage)
             ... on level 2 of the Dungeon.
             The game lasted 00:03:27 (1175 turns).

zxpr0jk the Magician (Draconian Wizard)             Turns: 1175, Time: 00:03:27

Health: -1/26      AC:  5    Str:  9    XL:     3   Next: 42%
Magic:  0/7        EV: 12    Int: 19    God:
Gold:   54         SH:  0    Dex:  9    Spells: 3 memorised, 2 levels left

rFire  . . .     SeeInvis .     t - +0 spear
rCold  . . .     Clarity  .     (armour unavailable)
rNeg   + . .     SustAt   .     (no shield)
rPois  .         Gourm    .     a - +0 hat
rElec  .         Spirit   .     (no cloak)
rCorr  .         Warding  .     (no gloves)
rMut   .         Stasis   .     (no boots)
MR     .....                    (no amulet)
Stlth  +.........               (no ring)
                                p - ring of positive energy

@: not resistant to hostile enchantments, very unstealthy
A: unfitting armour, cold-blooded, AC +5
a: no special abilities


You were on level 2 of the Dungeon.
You were not hungry.

You visited 1 branch of the dungeon, and saw 2 of its levels.

You collected 54 gold pieces.

Inventory:

Hand Weapons
 t - a +0 spear (weapon)
Armour
 a - a +0 hat (worn)
Jewellery
 p - a ring of positive energy (left hand)
Scrolls
 d - a scroll of teleportation {unknown}
 g - 3 scrolls of immolation {unknown}
 i - 2 scrolls of recharging {unknown}
 j - a scroll of enchant weapon {unknown}
 k - a scroll of remove curse {unknown}
 l - a scroll of identify {unknown}
 n - a scroll of fog {unknown}
 q - a scroll of enchant armour {unknown}
 r - a scroll of random uselessness {unknown}
Potions
 e - a potion of brilliance {unknown}
 f - a potion of cancellation {unknown}
 s - a potion of curing {unknown}
Books
 b - a book of Minor Magic

   Spells                             Type                      Level
   a - Magic Dart                     Conjuration                  1
   b - Blink                          Translocation                2
   c - Call Imp                       Summoning                    2
   d - Repel Missiles                 Charms/Air                   2
   e - Slow                           Hexes                        2
   f - Conjure Flame                  Conjuration/Fire             3
   g - Mephitic Cloud                 Conjuration/Poison/Air       3
Comestibles
 c - 2 bread rations
 h - a slice of pizza
 m - a meat ration


   Skills:
 - Level 1.7 Dodging
 - Level 1.7 Stealth
 + Level 3.4 Spellcasting
 * Level 2.8 Conjurations
   Level 1.0 Summonings
 - Level 1.0 Translocations


You had 2 spell levels left.
You knew the following spells:

 Your Spells              Type           Power        Failure   Level  Hunger
a - Magic Dart            Conj           ##..         6%          1    None
b - Blink                 Tloc           N/A          17%         2    ##.....
c - Conjure Flame         Conj/Fire      #.......     28%         3    ###....


Dungeon Overview and Level Annotations

Branches:
Dungeon (2/15)

Altars:


Innate Abilities, Weirdness & Mutations

Your plain brown scales are hard (AC +5).
Your body does not fit into most forms of armour.
You are cold-blooded and may be slowed by cold attacks.


Message History

Casting: Magic Dart
Confirm with . or Enter, or press ? or * to list all spells.
Aiming: Magic Dart
Press: ? - help, Shift-Dir - straight line, f - gnoll
Aim: a gnoll, wielding a whip (severely wounded)
The magic dart hits the gnoll.
The gnoll is severely wounded.
The gnoll barely misses you.
You closely miss the gnoll.
The gnoll is severely wounded.
The gnoll hits you but does no damage.
Casting: Magic Dart
Confirm with . or Enter, or press ? or * to list all spells.
Aiming: Magic Dart
Press: ? - help, Shift-Dir - straight line, f/p - gnoll
Aim: a gnoll, wielding a whip (severely wounded)
The magic dart hits the gnoll.
The gnoll is severely wounded.
The gnoll hits you with a whip!
You die...

..# #.# #######...#g#.#
#.# #.# #.........#.#.#
#.# #.# #.#####....g..#
#.# #># ##.## #####.###
#.# #.####.#.## #.#
#.#####.....###.## #.#
#..........## ##.# #.#
###########.###.#######.#
#..#..@g..)...#
###.########### ###


You could see a gnoll.

Vanquished Creatures
  2 gnolls (D:2)
  A worm (D:2)
  2 giant geckos (D:1)
  A bat (D:2)
  A giant cockroach (D:2)
  2 goblins (D:1)
  5 hobgoblins
  3 kobolds
  2 giant newts (D:1)
  2 rats
21 creatures vanquished.

Notes
Turn   | Place    | Note
--------------------------------------------------------------
     0 | D:1      | zxpr0jk the Draconian Wizard began the quest for the Orb.
     0 | D:1      | Reached XP level 1. HP: 14/14 MP: 4/4
   232 | D:1      | Reached XP level 2. HP: 12/20 MP: 6/6
   857 | D:2      | Reached XP level 3. HP: 16/26 MP: 7/7
   861 | D:2      | Learned a level 2 spell: Blink
   865 | D:2      | Learned a level 3 spell: Conjure Flame
  1175 | D:2      | Slain by a gnoll

Action                   || total
-------------------------++-------
Melee: Mace              ||    10
       Dagger            ||    18
       Short sword       ||    14
       Spear             ||    47
 Cast: Magic Dart        ||    28
       Conjure Flame     ||     2
 Stab: Sleeping          ||     1
  Eat: Chunk             ||     1
